 Dungeon Crawl Stone Soup version 0.31-a0-174-g85c54bcb58 (webtiles) character file.

Game seed: 14248589218499140987

138 qw the Shooter (level 5, -1/32 HPs)
             Began as a Gargoyle Hunter on June 15, 2023.
             Slain by a gnoll
             ... wielding a +0 spear
              (2 damage)
             ... on level 3 of the Dungeon.
             The game lasted 00:00:47 (1819 turns).

qw the Shooter (Gargoyle Hunter)                    Turns: 1819, Time: 00:00:47

Health: -1/32      AC:  9    Str: 14    XL:     5   Next: 21%
Magic:  5/5        EV: 10    Int: 10    God:
Gold:   152        SH:  0    Dex: 15    Spells: 4/4 levels left

rFire   . . .        g - +0 shortbow (heavy)
rCold   . . .        (shield currently unavailable)
rNeg    + . .        d - +0 ring mail
rPois   inf          (no helmet)
rElec   +            (no cloak)
rCorr   .            (no gloves)
SInv    .            (no boots)
Will    .....        (no amulet)
Stlth   +            (no ring)
HPRegen 0.25/turn    (no ring)
MPRegen 0.09/turn

%: no passive effects
@: no status effects
A: sickness immunity, AC +4, negative energy resistance 1, electricity
resistance, torment resistance 1, petrification resistance
a: no special abilities


You were on level 3 of the Dungeon.
You visited 1 branch of the dungeon, and saw 4 of its levels.

You collected 152 gold pieces.


Innate Abilities, Weirdness & Mutations

You are immune to sickness and miasma.
Your stone body is resilient. (AC +4)
You are immune to poison.
You resist negative energy. (rN+)
You are resistant to electric shocks. (rElec)
You are resistant to unholy torment.
You are immune to petrification.


   Skills:
 - Level 3.0 Fighting
 - Level 6.0 Ranged Weapons
 + Level 0.0 Armour
 - Level 1.5 Dodging
 - Level 1.1 Stealth


You had 4 spell levels left.
You didn't know any spells.
Your spell library was empty.

Inventory:

Hand Weapons
 g - a +0 heavy shortbow (weapon)
Armour
 d - a +0 ring mail (worn)
Potions
 b - a potion of berserk rage {unknown}
 e - a potion of degeneration {unknown}
 h - a potion of haste

Dungeon Overview and Level Annotations

Branches:
Dungeon (4/15)
 Temple: D:4-7

Altars:
Elyvilon
Trog
The Shining One

Shops:
D:3 (

Annotations:
D:3 3 runed translucent doors, qw's ghost, amateur GrHu; qw's ghost, amateur NaHu


Message History

Enter note:
Enter note: You shoot an arrow.
The arrow hits the giant cockroach.
You kill the giant cockroach!
A gnoll comes into view. It is wielding a +0 club.
The gnoll shouts!
You hear a shout!
Enter note:
Enter note:
Enter note:
Enter note: You shoot an arrow.
The arrow completely misses the gnoll.
The gnoll hits you but does no damage.
A gnoll comes into view.
It is wielding a +0 whip of electrocution.
The gnoll hits you with a +0 club.
You shoot an arrow. The arrow barely misses the gnoll.
A gnoll comes into view. It is wielding a +0 spear.
The gnoll throws a throwing net.
The throwing net hits you.
You become entangled in the net!
The gnoll hits you with a +0 club!
You struggle against the net.
The gnoll hits you from afar with a +0 spear.
The gnoll barely misses you.
The gnoll hits you with a +0 whip of electrocution!
You struggle against the net.
The gnoll hits you from afar with a +0 spear.
The gnoll hits you but does no damage.
The gnoll hits you with a +0 whip of electrocution.
You struggle against the net.
The gnoll hits you with a +0 club. The gnoll hits you but does no damage.
The gnoll barely misses you.
You rip the net and break free!
The gnoll hits you from afar with a +0 spear.
The gnoll hits you but does no damage. The gnoll barely misses you.
You shoot an arrow. The arrow hits the gnoll.
The gnoll is lightly wounded.
The gnoll barely misses you. x2; The gnoll hits you but does no damage. x2
The gnoll hits you with a +0 club. The gnoll misses you.
You shoot an arrow. The arrow hits the gnoll!
You kill the gnoll!
The gnoll hits you from afar with a +0 spear.
You die...

# # + # #+#####
+.....#
###############
#.....#
.......g)g....#
#%....' ########@#
#.....# .........#
+.....# ##......#
#+##### #.####.#
#..# # #.##.# #..'
#.##.# #######
#.##.# #.#####
#.##.#######.##>..
8.[##
#.##.##.........##


You could see 2 gnolls.

Vanquished Creatures
  8 adders
  A gnoll (D:3)
  4 dart slugs
  3 orcs (D:4)
  3 bats
  3 endoplasms
  3 giant cockroaches
  4 hobgoblins
  2 quokkas (D:1)
  4 ball pythons
  5 frilled lizards
  7 goblins
  6 kobolds
  5 rats
58 creatures vanquished.

Notes
Turn   | Place    | Note
-------+----------+-------------------------------------------
     0 | D:1      | qw the Gargoyle Hunter began the quest for the Orb.
     0 | D:1      | Reached XP level 1. HP: 12/12 MP: 1/1
     0 | D:1      | 0 ||| qw: Version: 0.2-a-29-g511e9b1
     0 | D:1      | 0 ||| qw: Game counter: 5475
     0 | D:1      | 0 ||| qw: Always use a shield: true
     0 | D:1      | 0 ||| qw: God list: Okawaru
     0 | D:1      | 0 ||| qw: Allow faded altars: false
     0 | D:1      | 0 ||| qw: Do Orc after D:15 true
     0 | D:1      | 0 ||| qw: Do second Lair branch before Depths: true
     0 | D:1      | 0 ||| qw: Lair rune preference: random
     0 | D:1      | 0 ||| qw: Plans: Normal, Zot:1-4, Slime:5, God:TSO, Crypt,
                  | Tomb, Abyss, Pan, Hells, Win
     0 | D:1      | 0 ||| PLANNING D:1-11
   115 | D:1      | Reached XP level 2. HP: 17/17 MP: 2/2
   390 | D:1      | Reached XP level 3. HP: 21/21 MP: 3/3
   442 | D:1      | Reached skill level 5 in Ranged Weapons
   565 | D:1      | 565 ||| READING scroll labelled ZEAPUL QOECHER.
   566 | D:1      | 566 ||| READING scroll labelled ZYIPLI RYABYWASH.
   567 | D:1      | 567 ||| READING scroll labelled RECKOED SEIXO.
   568 | D:1      | 568 ||| DROPPING scroll of butterflies.
   599 | D:2      | 599 ||| STAIRDANCE
   766 | D:2      | Found a glowing golden altar of the Shining One.
   774 | D:2      | Reached skill level 3 in Fighting
  1036 | D:2      | Reached XP level 4. HP: 26/28 MP: 4/4
  1249 | D:2      | 1249 ||| READING scroll labelled YRIHUI WYEPHI.
  1253 | D:2      | 1253 ||| DRINKING 2 blue potions.
  1289 | D:3      | Noticed qw's ghost (amateur GrHu)
  1289 | D:3      | Noticed qw's ghost (amateur NaHu)
  1289 | D:3      | Found a runed translucent gate.
  1289 | D:3      | Found a runed translucent gate.
  1289 | D:3      | Found a runed translucent gate.
  1290 | D:3      | Noticed qw's ghost (amateur NaHu)
  1326 | D:3      | Found Laoduv's Antique Weapon Emporium.
  1335 | D:3      | 1335 ||| SHOPLISTING glowing sling (99 gold, have 95).
  1417 | D:3      | Identified the +2 buckler of Immorality {rC++ Will- Int+5}
  1450 | D:3      | Found a bloodstained altar of Trog.
  1454 | D:3      | Found a white marble altar of Elyvilon.
  1614 | D:3      | Reached XP level 5. HP: 27/32 MP: 5/5
  1690 | D:3      | You fall into a shaft and drop 1 floor!
  1718 | D:4      | Reached skill level 6 in Ranged Weapons
  1744 | D:4      | 1744 ||| UPGRADING to +0 ring mail.
  1754 | D:4      | 1754 ||| DROPPING +0 leather armour.
  1755 | D:4      | 1755 ||| READING scroll labelled TIENOA LODIHY.
  1816 | D:3      | HP: 5/32 [gnoll/+0 club (4)]
  1817 | D:3      | HP: 2/32 [gnoll/+0 spear (3)]
  1819 | D:3      | Slain by a gnoll

Levels and vault maps discovered:
D:1:      dpeg_arrival_stonehenge_8_columns, layout_loops_ring
D:2:      layout_loops_cross, basic_altar
D:3:      layout_loops_ring, grunt_temple_overflow_open,
          chequers_ecumenical_altar_lobes, serial_shops, nicolae_diamond_shop,
          gammafunk_ghost_cemetery, minivault_25, minmay_snake_closets
D:4:      layout_rooms, uniq_duvessa

Skill      XL: |  1  2  3  4  5 |
---------------+----------------+-----
Ranged Weapons | 5 6 |  6.0
Fighting       | 3 |  3.0
Dodging        | |  1.5
Stealth        | |  1.1

Action                     |  1- 3 |  4- 6 || total
---------------------------+-------+-------++-------
   Fire: Shortbow          |   112 |    82 ||   194
    Use: Scroll            |     3 |     2 ||     5
         Potion            |       |     1 ||     1
 Armour: Leather armour    |    21 |    41 ||    62
         Ring mail         |       |     6 ||     6
  Dodge: Dodged            |    20 |    61 ||    81

Table legend:
 A = Non-vault XP
 B = Vault XP
 C = Vault XP percentage of total XP
 D = Non-vault monster count
 E = Vault monster count
 F = Vault count percentage of total count
                 A         B        C        D         E       F
            +---------+---------+-------+---------+---------+-------
      Total |     128 |      83 |  39.3 |      50 |       8 |  13.8
            +---------+---------+-------+---------+---------+-------
        D:1 |      46 |       0 |   0.0 |      25 |       0 |   0.0
        D:2 |      40 |       0 |   0.0 |      16 |       0 |   0.0
        D:3 |      17 |      83 |  83.0 |       4 |       8 |  66.7
        D:4 |      25 |       0 |   0.0 |       5 |       0 |   0.0
            +---------+---------+-------+---------+---------+-------
